 Dungeon Crawl Stone Soup version 0.19-b1-5-gdc9fa9d (webtiles) character file.

222 PhynixH2O the Cudgeler (level 5, -4/53 HPs)
             Began as a Troll Fighter on Nov 1, 2016.
             Slain by a killer bee (7 damage)
             ... on level 5 of the Dungeon.
             The game lasted 00:12:47 (2309 turns).

PhynixH2O the Cudgeler (Troll Fighter)              Turns: 2309, Time: 00:12:47

Health: -4/53      AC:  6    Str: 24    XL:     5   Next: 66%
Magic:  4/4        EV:  8    Int:  4    God:
Gold:   269        SH: 11    Dex: 10    Spells: 0 memorised, 4 levels left

rFire  . . .     SeeInvis +     a - +0 flail
rCold  . . .     Gourm    +     y - +1 animal skin
rNeg   . . .     Faith    .     u - +2 shield
rPois  .         Spirit   .     (helmet restricted)
rElec  .         Reflect  .     (no cloak)
rCorr  .         Harm     .     (gloves unavailable)
MR     .....                    (boots unavailable)
Stlth  +.........               (no amulet)
                                (no ring)
                                h - ring of see invisible

@: lethally poisoned (-4 -> -15)
A: unfitting armour, claws 3, fast metabolism 3, gourmand, regeneration 1,
shaggy fur 1, tough skin 2
a: no special abilities


You were on level 5 of the Dungeon.
You were very full.

You visited 1 branch of the dungeon, and saw 5 of its levels.

You collected 269 gold pieces.

Inventory:

Hand Weapons
 a - a +0 flail (weapon)
Armour
 u - a +2 shield (worn)
 y - a +1 animal skin (worn)
Jewellery
 h - a ring of see invisible (left claw)
Scrolls
 e - a scroll of magic mapping {unknown}
 k - 6 scrolls of identify {unknown}
 l - 2 scrolls of teleportation {unknown}
 m - a scroll of amnesia {unknown}
 n - 3 scrolls of enchant weapon {unknown}
 o - 3 scrolls of remove curse {unknown}
 r - 2 scrolls of blinking {unknown}
 t - a scroll of random uselessness {unknown}
 v - a scroll of immolation {unknown}
Potions
 b - a potion of mutation {unknown}
 c - 2 potions of flight {unknown}
 d - a potion of might
 g - a potion of agility {unknown}
 j - a potion of heal wounds {unknown}
 p - 3 potions of haste {unknown}
 q - 2 potions of berserk rage {unknown}
 s - a potion of magic {unknown}
 x - a potion of brilliance {unknown}
Comestibles
 f - 3 bread rations
 i - 3 meat rations


   Skills:
 + Level 3.5 Fighting
 + Level 3.6 Maces & Flails
 - Level 2.4 Dodging
 + Level 3.5 Shields


You had 4 spell levels left.
You didn't know any spells.

Dungeon Overview and Level Annotations

Branches:
Dungeon (5/15)
 Temple: D:4-7

Altars:
Ashenzari
Cheibriados
Elyvilon
Nemelex Xobeh
Uskayaw
Yredelemnul


Innate Abilities, Weirdness & Mutations

You are too large for most types of armour.
You have claws for hands.
Your metabolism is lightning-fast.
You like to eat raw meat.
Your natural rate of healing is unusually fast.
You are covered in fur. (AC +1)
You have very tough skin. (AC +2)


Message History

* * * LOW HITPOINT WARNING * * *
You are more poisoned.
The killer bee poisons you! You block the killer bee's attack. x2
You are too injured to fight recklessly!
You are too injured to fight recklessly!
You are too injured to fight recklessly!
You are too injured to fight recklessly!
You are too injured to fight recklessly!
You miss the killer bee.
The killer bee is severely wounded.
You feel sick. The killer bee stings you.
* * * LOW HITPOINT WARNING * * *
You are more poisoned.
The killer bee poisons you! The killer bee barely misses you.
Your shield prevents you from hitting the killer bee.
The killer bee is severely wounded.
* * * LOW HITPOINT WARNING * * *
You feel very sick. The killer bee stings you!
You die...

####
#####..)#
#..y@.#
#.#.#.......
#. ##(####
#. # #. ..
##


You could see a killer bee.

Vanquished Creatures
  2 scorpions
  A hound skeleton (D:4)
  Robin (D:4)
  An adder (D:3)
  An ooze (D:1)
  An adder skeleton (D:4)
  A worm (D:2)
  3 dart slugs
  4 leopard geckos
  3 orcs
  3 giant cockroaches
  16 goblins
  8 hobgoblins
  2 jackals (D:3)
  4 kobolds
  A ball python (D:2)
  7 bats
  4 frilled lizards
  8 rats
71 creatures vanquished.

Notes
Turn   | Place    | Note
-------+----------+-------------------------------------------
     0 | D:1      | PhynixH2O the Troll Fighter began the quest for the Orb.
     0 | D:1      | Reached XP level 1. HP: 22/22 MP: 0/0
    94 | D:1      | Reached XP level 2. HP: 28/29 MP: 1/1
   565 | D:1      | Reached XP level 3. HP: 36/36 MP: 2/2
   661 | D:2      | Found a faded altar of an unknown god.
   999 | D:2      | Found a basalt altar of Yredelemnul.
  1177 | D:2      | Found a hide-covered altar of Uskayaw.
  1329 | D:3      | Found a snail-covered altar of Cheibriados.
  1340 | D:3      | Found a sparkling altar of Nemelex Xobeh.
  1495 | D:3      | Found a shattered altar of Ashenzari.
  1650 | D:3      | Found a white marble altar of Elyvilon.
  1822 | D:3      | Reached XP level 4. HP: 38/45 MP: 3/3
  1843 | D:4      | Noticed Robin
  1907 | D:4      | Killed Robin
  1944 | D:3      | Reached XP level 5. HP: 21/53 MP: 4/4
  2301 | D:5      | Entered Level 5 of the Dungeon
  2309 | D:5      | Slain by a killer bee

Skill      XL: |  1  2  3  4 |
---------------+-------------+-----
Maces & Flails | 2 3 |  3.6
Fighting       | 3 |  3.5
Shields        | 3 |  3.5
Dodging        | |  2.4

Action                   |  1- 3 |  4- 6 || total
-------------------------+-------+-------++-------
Melee: Flail             |   181 |   121 ||   302
  Eat: Chunk             |    23 |     4 ||    27
Armor: Robe              |    91 |    38 ||   129
       Animal skin       |       |    13 ||    13
Dodge: Dodged            |    72 |    55 ||   127
Block: Shield            |   114 |   108 ||   222
